 Dungeon Crawl Stone Soup version 0.25-a0-591-g2ad0d861f1 (webtiles) character file.

Game seed: 16042268923901048649, levelgen mode: deterministic

90445 jt the Draconian Aeon (level 15, -4/111 HPs)
             Began as a Red Draconian Ice Elementalist on Mar 14, 2020.
             Was the Champion of Cheibriados.
             Engulfed by a cloud of foul pestilence (14 damage)
             ... on level 4 of the Swamp.
             The game lasted 02:44:00 (34734 turns).

jt the Draconian Aeon (DrIE)                       Turns: 34734, Time: 02:44:00

Health: -4/111     AC: 14    Str: 28    XL:     15   Next: 52%
Magic:  39/39      EV: 14    Int: 35    God:    Cheibriados [******]
Gold:   2951       SH: 28    Dex: 25    Spells: 13/36 levels left

rFire    + + +     SeeInvis .   a - +1 morningstar of Resourcefulness {drain, rF+ rN++}
rCold    + . .     Gourm    .   U - +7 tower shield of the Hanged Man {rElec rF+ rC+}
rNeg     + + .     Faith    .   (armour unavailable)
rPois    +         Spirit   .   (helmet restricted)
rElec    +         Reflect  .   i - +0 cloak
rCorr    .         Harm     +   E - +1 pair of gloves
MR       +++..     Clarity  +   n - +1 pair of boots
Stlth    +++.......             O - amulet of Fopautz {Harm *Drain rPois MR++ MP+9 Dex-3}
HPRegen  0.28/turn              h - ring of wizardry
MPRegen  0.26/turn              l - +3 ring of slaying

@: slowed, very slow
A: breathe fire, unfitting armour, horns 1, clarity, fire resistance 1, strong
1, wild magic 1, cold-blooded, AC +9
a: Breathe Fire, Bend Time, Temporal Distortion, Slouch, Step From Time,
Renounce Religion


You were on level 4 of the Swamp.
You worshipped Cheibriados.
Cheibriados was exalted by your worship.
You were not hungry.

You visited 4 branches of the dungeon, and saw 24 of its levels.
You also visited: Ice Cave and Volcano.

You collected 3212 gold pieces.
You spent 261 gold pieces at shops.

Inventory:

Hand Weapons
 a - the +1 morningstar of Resourcefulness (weapon) {drain, rF+ rN++}
   (You found it on level 9 of the Dungeon)

   A truly terrible weapon, it drains the life of those it strikes.
   It protects you from fire.
   It greatly protects you from negative energy.
 b - a +4 trident of freezing
 w - the +7 dagger of Truncation {vorpal, rC+ Str-4 Dex+4}
   (You found it in an ice cave)

   It inflicts extra damage upon your enemies.
   It affects your strength (-4).
   It affects your dexterity (+4).
   It protects you from cold.
 R - the +10 mace of Popular Demand {vorpal, *Contam rPois MP+9}
   (You found it on level 6 of the Lair of Beasts)

   It inflicts extra damage upon your enemies.
   It protects you from poison.
   It affects your magic capacity (+9).
   It causes magical contamination when unequipped.
 T - a +2 spear of venom
Missiles
 c - 107 poisoned darts (quivered)
 Q - 24 boomerangs
 S - 7 curare-tipped darts
 X - 5 silver boomerangs
Armour
 i - a +0 cloak (worn)
 n - a +1 pair of boots (worn)
 E - a +1 pair of gloves (worn)
 U - the +7 tower shield of the Hanged Man (worn) {rElec rF+ rC+}
   (You found it in an ice cave)

   It protects you from fire.
   It protects you from cold.
   It insulates you from electricity.
Jewellery
 h - a ring of wizardry (left hand)
 k - an uncursed ring of flight
 l - a +3 ring of slaying (right hand)
 y - an uncursed ring of protection from cold
 K - a +2 amulet of reflection
 O - the amulet of Fopautz (around neck) {Harm *Drain rPois MR++ MP+9 Dex-3}
   (You found it in an ice cave)

   [amulet of harm]

   It increases damage dealt and taken.
   It affects your dexterity (-3).
   It protects you from poison.
   It affects your resistance to hostile enchantments.
   It affects your magic capacity (+9).
   It causes draining when unequipped.
 Y - the ring "Fucuafu" {rC- MR+ AC+3 Str+4}
   (You found it on level 6 of the Lair of Beasts)

   [ring of protection]

   It affects your AC (+3).
   It affects your strength (+4).
   It makes you vulnerable to cold.
   It affects your resistance to hostile enchantments.
 Z - an uncursed ring of positive energy
Wands
 B - a wand of paralysis (11)
 H - a wand of enslavement (4)
 I - a wand of flame (40)
 P - a wand of clouds (5)
 V - a wand of disintegration (35)
Scrolls
 d - 2 scrolls of remove curse
 e - 6 scrolls of identify
 j - 3 scrolls of magic mapping
 o - 3 scrolls of teleportation
 p - 2 scrolls of vulnerability
 r - 2 scrolls of fog
 t - 6 scrolls of amnesia
 C - a scroll of fear
 W - 2 scrolls of holy word
Potions
 f - 5 potions of curing
 g - 4 potions of brilliance
 q - 3 potions of might
 s - a potion of heal wounds
 u - a potion of magic
 x - 2 potions of flight
 z - 2 potions of cancellation
 D - a potion of lignification
 F - 5 potions of resistance
 G - a potion of invisibility
 J - 2 potions of ambrosia
 L - a potion of stabbing
Miscellaneous
 A - a phantom mirror
 M - a phial of floods
Comestibles
 m - 2 chunks of flesh
 N - 38 rations


   Skills:
 - Level 4.6 Fighting
 + Level 5.3 Maces & Flails
 - Level 5.0 Dodging
 - Level 1.7 Stealth
 + Level 11.6 Shields
 - Level 11.4 Spellcasting
 - Level 7.0 Conjurations
 - Level 7.2 Hexes
 - Level 10.0 Summonings
 + Level 1.7 Necromancy
 - Level 7.0 Ice Magic
 - Level 5.0 Earth Magic
 - Level 12.4 Invocations
 - Level 5.0 Evocations


You had 13 spell levels left.
You knew the following spells:

 Your Spells              Type           Power        Failure   Level  Hunger
a - Freeze                Ice            ####         1%          1    None
b - Frozen Ramparts       Ice            ######       1%          3    None
c - Searing Ray           Conj           ######       1%          2    None
d - Summon Ice Beast      Ice/Summ       #######.     2%          4    None
e - Passwall              Tmut/Erth      #####...     4%          2    None
f - Fulminant Prism       Conj/Hex       ######....   4%          4    None
g - Animate Skeleton      Necr           N/A          4%          1    None
h - Poisonous Vapours     Pois/Air       ####..       11%         2    None
i - Leda's Liquefaction   Hex/Erth       ######....   6%          4    None

Your spell library contained the following spells:

 Spells                   Type           Power        Failure   Level  Hunger
 Corona                   Hex            #######      1%          1    None
 Foxfire                  Conj/Fire      ####         1%          1    None
 Magic Dart               Conj           ####         1%          1    None
 Sandblast                Erth           ######       1%          1    None
 Slow                     Hex            #######.     1%          2    None
 Dazzling Flash           Conj/Hex       ######       1%          3    None
 Stone Arrow              Conj/Erth      ######       2%          3    None
 Pain                     Necr           ####         4%          1    None
 Cause Fear               Hex            #######...   4%          4    None
 Hailstorm                Conj/Ice       ######..     4%          4    None
 Conjure Flame            Conj/Fire      ######..     5%          3    None
 Inner Flame              Hex/Fire       ######..     5%          3    None
 Ozocubu's Armour         Chrm/Ice       ######..     5%          3    None
 Portal Projectile        Hex/Tloc       ######       5%          3    None
 Sting                    Tmut/Pois      ####         7%          1    None
 Mephitic Cloud           Conj/Pois/Air  #####...     9%          3    None
 Vampiric Draining        Necr           #####.....   10%         3    None
 Iskenderun's Mystic Bla  Conj/Tloc      ######..     16%         4    None
 Sticky Flame             Conj/Fire      ######..     16%         4    None
 Ignite Poison            Fire/Tmut/Pois ####....     19%         3    None
 Petrify                  Tmut/Erth      #####...     21%         4    None
 Lee's Rapid Deconstruct  Erth           ######....   21%         5    #......
 Animate Dead             Necr           N/A          28%         4    None
 Fireball                 Conj/Fire      ######....   36%         5    #......
 Olgreb's Toxic Radiance  Pois           ####....     47%         4    None
 Agony                    Necr           #####...     58%         5    #......


Dungeon Overview and Level Annotations

Branches:
Dungeon (12/15)            Temple (0/1) D:6            Lair (6/6) D:8
  Swamp (4/4) Lair:4       Spider (0/4) Lair:4        Slime (0/5) Lair:6
    Orc (2/2) D:12            Elf (0/3) Orc:2         IceCv (visited)
Volcano (visited)

Altars:
Cheibriados
Fedhas
Gozag
Kikubaaqudgha
Trog
Xom
Yredelemnul
Beogh

Shops:
D:9 *   D:12 [   Orc:1 !   Orc:2 =??**

Annotations:
Lair:3 1 runed translucent door, Tux's ghost, journeyman TeAE


Innate Abilities, Weirdness & Mutations

You can breathe blasts of fire.
Your fiery red scales are hard. (AC +9)
You cannot fit into any form of body armour.
Your flesh is heat resistant. (rF+)
You are cold-blooded and may be slowed by cold attacks.
You have a pair of small horns on your head.
You possess an exceptional clarity of mind.
Your muscles are strong. (Str +2)
Your spells are a little harder to cast, but a little more powerful.


Message History

Why would you want to do that?
Unknown command.
Why would you want to do that? Why would you want to do that?
Why would you want to do that?
Unknown command.
Really walk into a travel-excluded area?
You are engulfed in dark miasma.
You are poisoned.
You feel your flesh rotting away!
* * * LOW HITPOINT WARNING * * *
You feel very sick.
You are engulfed in dark miasma.
You feel yourself slow down.
* * * LOW HITPOINT WARNING * * *
x2 You feel very sick.
You are engulfed in dark miasma.
You are more poisoned.
* * * LOW HITPOINT WARNING * * *
You feel very sick.
You feel better.
You are engulfed in dark miasma.
You die...

...≈....♣ ..♣≈)≈..♣
§♣♣♣♣.♣.♣♣ ♣♣ ♣♣♣♣..♣♣♣
♣ ♣.≈♣..≈≈♣♣
♣♣♣♣≈.≈..≈≈≈#
♣≈...§≈...≈≈####
♣.≈....≈..≈≈≈..###
♣≈≈≈≈≈..≈..≈≈...@###
.≈≈≈≈≈.≈♣..≈≈≈...☼≈##
≈≈≈≈≈≈.♣≈.≈≈≈≈#.☼.☼.###
♣♣.≈≈≈.♣♣.≈≈≈##☼○.....##
♣♣...≈♣♣≈≈≈#######....#
♣♣≈♣♣♣♣≈≈≈# ###.°°# ♣♣♣
♣≈≈## #°..... ♣♣##
#..... ###.≈


There were no monsters in sight!

Vanquished Creatures
  Kirke (Swamp:4)
  3 thorn hunters
  An orc warlord (Orc:1)
  A stone giant (Orc:1)
  Snorg (D:12)
  2 hydras
  A catoblepas (Lair:6)
  10 alligators
  A deep troll shaman (Lair:6)
  4 death yaks (Lair:6)
  An orc high priest (Orc:2)
  A skeletal warrior (Volcano)
  An unseen horror (D:11)
  4 swamp dragons
  A spriggan druid (Swamp:4)
  2 anaconda skeletons (Volcano)
  4 ugly things
  An orc knight (D:10)
  4 deep elf magi (Orc:1)
  An orc sorcerer (Orc:2)
  3 black mambas
  3 elephants
  12 spiny frogs
  4 gargoyles (Volcano)
  3 ice statues (IceCv)
  A swamp worm zombie (Swamp:4)
  3 rime drakes
  A komodo dragon (Lair:5)
  A kobold demonologist (D:11)
  2 hornets
  A troll (D:11)
  4 tyrant leeches
  4 harpy skeletons (Volcano)
  7 hippogriffs
  An alligator zombie (Swamp:4)
  4 slime creatures (Swamp:2)
  10 blink frogs
  5 bog bodies
  2 flying skulls (Volcano)
  An alligator skeleton (Volcano)
  2 spriggans (Swamp:2)
  A shadow (Swamp:2)
  A wyvern (D:9)
  A hog (Swamp:4)
  15 yaks
  12 vampire mosquitoes
  Menkaure (D:7)
  3 swamp worms
  An acid dragon (D:11)
  2 wargs (Orc:1)
  6 insubstantial wisps
  11 water moccasins
  5 porcupines
  13 orc warriors
  3 phantoms
  4 black bears
  A swamp drake (Swamp:2)
  2 sky beasts
  10 ice beasts
  5 wolves
  A necrophage (D:10)
  3 ogres
  2 centaurs
  8 crocodiles
  2 big kobolds
  3 bullfrogs
  A scorpion (D:2)
  11 killer bees
  3 wights
  2 spriggan skeletons (Volcano)
  2 electric eels
  2 troll skeletons (Volcano)
  A howler monkey (D:9)
  A bullfrog zombie (D:6)
  3 crimson imps
  A quasit (D:9)
  12 orc priests
  8 jellies
  5 hounds
  A bullfrog skeleton (D:9)
  2 centaur skeletons (D:11)
  13 orc wizards
  3 iguanas
  5 worker ants
  A hound zombie (D:11)
  A hound skeleton (D:4)
  2 howler monkey zombies
  3 worker ant zombies
  A howler monkey skeleton (D:5)
  3 gnolls
  7 adders
  A shadow imp (D:6)
  2 oozes (Lair:6)
  An adder zombie (D:8)
  2 worms
  2 adder skeletons (D:6)
  11 leopard geckos
  53 orcs
  3 ball pythons
  9 giant cockroaches
  3 goblins
  13 hobgoblins
  13 jackals
  9 quokkas
  A ball python skeleton (D:6)
  8 bats
  8 frilled lizards
  16 kobolds
  A quokka skeleton (D:6)
  A quokka zombie (D:8)
  10 rats
  2 briar patches (Swamp:1)
  A bush (Lair:3)
499 creatures vanquished.

Vanquished Creatures (collateral kills)
  16 hydras
  A ghost crab (Swamp:3)
  3 two-headed ogres
  6 alligators
  3 death yaks (Lair:6)
  A skeletal warrior (Volcano)
  A sixfirhy (D:11)
  A spriggan druid (Swamp:2)
  2 swamp dragons
  5 ugly things
  3 orc sorcerers (Orc:2)
  An orb spider (Lair:4)
  A cyclops (D:11)
  6 deep elf magi (Orc:1)
  A manticore (D:11)
  7 elephants
  A gargoyle (Volcano)
  13 spiny frogs
  Maggie (D:7)
  5 komodo dragons
  A rime drake (Lair:4)
  A swamp worm zombie (Swamp:4)
  5 tyrant leeches
  A troll (Orc:2)
  A polar bear (Lair:5)
  7 blink frogs
  3 hornets
  An alligator zombie (Swamp:4)
  6 bog bodies
  A hippogriff (Lair:2)
  A slime creature (Swamp:2)
  A spriggan (Swamp:1)
  A flying skull (Volcano)
  32 yaks
  A wyvern (Lair:6)
  4 basilisks
  4 hogs (Swamp:4)
  8 vampire mosquitoes
  A hungry ghost (D:11)
  8 swamp worms
  4 wargs
  3 porcupines
  7 water moccasins
  10 orc warriors
  4 swamp drakes
  A black bear (Lair:6)
  8 ogres
  3 wolves
  5 crocodiles
  3 bullfrogs
  4 big kobolds
  A gnoll sergeant (D:10)
  2 scorpions
  6 killer bees
  A wight (D:9)
  A howler monkey (D:4)
  2 crimson imps
  A centaur zombie (D:5)
  A hound (D:9)
  2 jellies
  A bullfrog skeleton (D:11)
  8 orc priests
  15 orc wizards
  5 worker ants
  8 gnolls
  3 adders
  A river rat (D:5)
  34 orcs
  A giant cockroach (D:5)
  2 quokkas
  3 kobolds (D:11)
  A quokka skeleton (D:5)
  2 fungi
  A plant (Lair:6)
320 creatures vanquished.

Vanquished Creatures (others)
  An ugly thing (Swamp:1)
  An alligator zombie (Swamp:4)
  An ice beast (D:5)
  A hound (D:5)
  2 orc priests (Orc:2)
  An orc wizard (D:5)
  A briar patch (Swamp:1)
  14 fulminant prisms
  A fungus (Lair:6)
  A plant (Lair:6)
24 creatures vanquished.

Grand Total: 843 creatures vanquished

Notes
Turn   | Place    | Note
-------+----------+-------------------------------------------
     0 | D:1      | jt the Draconian Ice Elementalist began the quest for the
                  | Orb.
     0 | D:1      | Reached XP level 1. HP: 14/14 MP: 3/3
   211 | D:1      | Reached XP level 2. HP: 20/20 MP: 3/5
   714 | D:1      | Reached XP level 3. HP: 26/26 MP: 4/7
   724 | D:1      | Learned a level 3 spell: Frozen Ramparts
  1012 | D:2      | Noticed a scorpion
  1013 | D:2      | Found a transporter.
  1013 | D:2      | Found an ancient bone altar of Kikubaaqudgha.
  1015 | D:2      | Noticed a big kobold
  1020 | D:2      | Found a transporter.
  1790 | D:3      | Reached XP level 4. HP: 33/33 MP: 4/8
  1800 | D:3      | Learned a level 4 spell: Summon Ice Beast
  2007 | D:3      | Reached skill level 5 in Ice Magic
  2428 | D:4      | Noticed a phantom
  2665 | D:3      | Killed a phantom
  2665 | D:3      | Reached skill level 1 in Summonings
  2665 | D:3      | Reached XP level 5. HP: 15/38 MP: 2/10
  3360 | D:4      | Reached XP level 6. HP: 33/45 MP: 6/12
  3719 | D:4      | Found a snail-covered altar of Cheibriados.
  3808 | D:4      | Became a worshipper of Cheibriados the Contemplative
  3998 | D:4      | Found an opulent altar of Gozag.
  4276 | D:5      | Entered Level 5 of the Dungeon
  4285 | D:5      | Killed an ice beast
  4464 | D:5      | Your scales start taking on a fiery red colour.
  4464 | D:5      | Reduced skill Ice Magic to level 5
  4464 | D:5      | Reached XP level 7. HP: 50/50 MP: 0/13
  4464 | D:5      | Gained mutation: Your flesh is heat resistant. (rF+) [Red
                  | Draconian growth]
  4741 | D:4      | Learned a level 2 spell: Searing Ray
  4831 | D:5      | Reached * piety under Cheibriados
  4831 | D:5      | Reached skill level 5 in Spellcasting
  5190 | D:5      | Found a shimmering altar of Xom.
  5982 | D:6      | Reached ** piety under Cheibriados
  6105 | D:6      | Reached XP level 8. HP: 57/57 MP: 12/16
  6107 | D:6      | Reached skill level 1 in Conjurations
  6166 | D:6      | Found a basalt altar of Yredelemnul.
  6299 | D:6      | Reached skill level 5 in Summonings
  6406 | D:6      | Found a staircase to the Ecumenical Temple.
  7019 | D:7      | Found a blossoming altar of Fedhas.
  7020 | D:7      | Noticed Maggie
  7031 | D:7      | Killed Maggie
  7148 | D:7      | Reached *** piety under Cheibriados
  7256 | D:7      | Noticed Menkaure
  7266 | D:7      | Killed Menkaure
  7266 | D:7      | Reached XP level 9. HP: 55/62 MP: 8/18
  7848 | D:8      | Noticed a two-headed ogre
  7854 | D:8      | Killed a two-headed ogre
  7958 | D:8      | Reached skill level 5 in Conjurations
  8367 | D:8      | Found a staircase to the Lair.
  8535 | D:8      | Found a basalt altar of Yredelemnul.
  8536 | D:8      | Found a bloodstained altar of Trog.
  8914 | D:8      | Reached **** piety under Cheibriados
  9226 | D:9      | Reached skill level 1 in Invocations
  9499 | D:9      | Reached skill level 2 in Invocations
  9761 | D:9      | Noticed a two-headed ogre
  9770 | D:9      | Killed a two-headed ogre
  9770 | D:9      | Reached skill level 3 in Invocations
  9770 | D:9      | Reached XP level 10. HP: 69/69 MP: 7/22
  9800 | D:9      | Got a crude morningstar
  9802 | D:9      | Identified the +1 morningstar of Resourcefulness {drain,
                  | rF+ rN++} (You found it on level 9 of the Dungeon)
 10090 | D:9      | Found Piczetz's Lightly-Used Armoury.
 10509 | D:10     | Entered Level 10 of the Dungeon
 10512 | D:10     | Reached ***** piety under Cheibriados
 10518 | D:10     | Reached skill level 4 in Invocations
 10816 | D:10     | Noticed a two-headed ogre
 10824 | D:10     | Killed a two-headed ogre
 10824 | D:10     | Reached skill level 5 in Invocations
 11023 | D:10     | Learned a level 2 spell: Passwall
 11238 | D:10     | Noticed an orc knight
 11255 | D:10     | Killed an orc knight
 11617 | D:10     | Reached skill level 6 in Invocations
 12296 | D:11     | Reached XP level 11. HP: 74/74 MP: 13/24
 12303 | D:11     | Learned a level 4 spell: Fulminant Prism
 12353 | D:11     | Reached skill level 1 in Hexes
 12454 | D:11     | Noticed a purple ugly thing
 12480 | D:11     | Found a runed translucent door.
 12480 | D:11     | Noticed a sixfirhy
 12569 | D:11     | Reached skill level 7 in Invocations
 12652 | D:11     | Found a frozen archway.
 12754 | IceCv    | Entered an ice cave
 12880 | IceCv    | Noticed a white ugly thing
 12903 | IceCv    | Killed a white ugly thing
 12903 | IceCv    | Reached skill level 10 in Spellcasting
 12910 | IceCv    | Learned a level 1 spell: Animate Skeleton
 13615 | IceCv    | Noticed a white ugly thing
 13853 | IceCv    | Killed a red ugly thing
 13853 | IceCv    | Reached skill level 8 in Invocations
 13954 | IceCv    | Got a slimy dagger
 13962 | IceCv    | Got slimy ice dragon scales
 13967 | IceCv    | Got a scorched sapphire amulet
 13971 | IceCv    | Got an encrusted tower shield
 13976 | IceCv    | Identified the amulet of Fopautz {Harm *Drain rPois MR++
                  | MP+9 Dex-3} (You found it in an ice cave)
 13977 | IceCv    | Identified the +7 tower shield of the Hanged Man {rElec rF+
                  | rC+} (You found it in an ice cave)
 14192 | D:11     | Reached ****** piety under Cheibriados
 14309 | D:11     | Identified the +7 dagger of Truncation {vorpal, rC+ Str-4
                  | Dex+4} (You found it in an ice cave)
 14340 | D:11     | Reached skill level 1 in Shields
 14415 | D:11     | Killed a purple ugly thing
 14856 | Lair:1   | Entered Level 1 of the Lair of Beasts
 14895 | Lair:1   | Noticed a four-headed hydra
 14904 | Lair:1   | Killed a four-headed hydra
 14972 | Lair:1   | Found a dark tunnel.
 14983 | Volcano  | Entered a volcano
 15177 | Volcano  | Reached skill level 1 in Evocations
 15179 | Volcano  | Reached XP level 12. HP: 61/81 MP: 7/26
 15395 | Volcano  | Reached skill level 5 in Hexes
 15395 | Volcano  | Reached skill level 9 in Invocations
 15670 | Volcano  | HP: 4/81 [skeletal warrior/+1 halberd of flaming (2)]
 18565 | Lair:2   | Reached skill level 1 in Fighting
 19395 | Lair:3   | Reached skill level 10 in Invocations
 19768 | Lair:3   | Noticed a four-headed hydra
 19774 | Lair:3   | Killed a four-headed hydra
 19945 | Lair:3   | Found a runed translucent door.
 19945 | Lair:3   | Noticed Tux's ghost (journeyman TeAE)
 20357 | Lair:4   | Reached skill level 5 in Evocations
 20395 | Lair:4   | Noticed a four-headed hydra
 20401 | Lair:4   | Killed a four-headed hydra
 20530 | Lair:4   | Noticed a seven-headed hydra
 20538 | Lair:4   | Killed a seven-headed hydra
 20668 | Lair:4   | Reached XP level 13. HP: 96/96 MP: 22/28
 20786 | Lair:4   | Found a hole to the Spider Nest.
 21337 | Lair:4   | Found a staircase to the Swamp.
 21648 | Lair:5   | Reached skill level 5 in Shields
 21755 | Lair:5   | Gained mutation: You possess an exceptional clarity of
                  | mind. [potion of mutation]
 21755 | Lair:5   | Gained mutation: You have a pair of small horns on your
                  | head. [potion of mutation]
 21755 | Lair:5   | Gained mutation: Your muscles are strong. (Str +2) [potion
                  | of mutation]
 21755 | Lair:5   | Gained mutation: Your spells are a little harder to cast,
                  | but a little more powerful. [potion of mutation]
 22391 | Lair:5   | Reached skill level 11 in Invocations
 22949 | Lair:6   | Entered Level 6 of the Lair of Beasts
 23485 | Lair:6   | Found a staircase to the Slime Pits.
 23821 | Lair:6   | Reached skill level 5 in Dodging
 24178 | Lair:6   | Reached skill level 12 in Invocations
 24332 | Lair:6   | Got a fine mace
 24333 | Lair:6   | Identified the +10 mace of Popular Demand {vorpal, *Contam
                  | rPois MP+9} (You found it on level 6 of the Lair of Beasts)
 24367 | Lair:6   | Got a clouded iron ring
 24368 | Lair:6   | Identified the ring "Fucuafu" {rC- MR+ AC+3 Str+4} (You
                  | found it on level 6 of the Lair of Beasts)
 25719 | D:12     | Learned a level 2 spell: Poisonous Vapours
 25777 | D:12     | Found Namyiwk's Armour Boutique.
 25777 | D:12     | Found a staircase to the Orcish Mines.
 25777 | D:12     | Noticed Snorg
 25785 | D:12     | Killed Snorg
 25785 | D:12     | Reached XP level 14. HP: 105/105 MP: 15/29
 25908 | Orc:1    | Entered Level 1 of the Orcish Mines
 26084 | Orc:1    | Noticed an orc warlord
 26108 | Orc:1    | Killed an orc warlord
 26510 | Orc:1    | Found Fifepsath's Distillery.
 26518 | Orc:1    | Bought a potion of heal wounds for 70 gold pieces
 26583 | Orc:2    | Entered Level 2 of the Orcish Mines
 26630 | Orc:2    | Found Ginoat's Assorted Antiques.
 26665 | Orc:2    | Bought a glowing inky potion for 34 gold pieces
 26739 | Orc:2    | Found a staircase to the Elven Halls.
 28014 | Orc:2    | Found Gehire Laxt's Magic Scroll Emporium.
 28014 | Orc:2    | Found Qiobrir's General Store.
 28071 | Orc:2    | Found Kufawuwe's Magic Scroll Shoppe.
 28077 | Orc:2    | Found Inker's Jewellery Emporium.
 28083 | Orc:2    | Bought 3 scrolls of magic mapping for 157 gold pieces
 28320 | Orc:1    | Found a roughly hewn altar of Beogh.
 28340 | Orc:1    | Noticed a stone giant
 28351 | Orc:1    | Killed a stone giant
 29326 | Swamp:1  | Entered Level 1 of the Swamp
 29335 | Lair:4   | Reached skill level 10 in Summonings
 30358 | Swamp:1  | Learned a level 4 spell: Leda's Liquefaction
 30452 | Swamp:1  | Noticed a thorn hunter
 30462 | Swamp:1  | Killed a thorn hunter
 30462 | Swamp:1  | Reached skill level 10 in Shields
 31197 | Swamp:2  | Reached skill level 1 in Maces & Flails
 31314 | Swamp:2  | Reached skill level 1 in Earth Magic
 31342 | Swamp:2  | Noticed a thorn hunter
 31351 | Swamp:2  | Killed a thorn hunter
 31580 | Swamp:2  | Reached XP level 15. HP: 111/111 MP: 30/30
 32736 | Swamp:3  | Identified the +11 scythe of Midnight {vorpal, Str+5} (You
                  | found it on level 3 of the Swamp)
 33083 | Swamp:3  | Noticed a thorn hunter
 33107 | Swamp:3  | Killed a thorn hunter
 33777 | Swamp:4  | Entered Level 4 of the Swamp
 34125 | Swamp:4  | Killed Kirke
 34125 | Swamp:4  | Reached skill level 5 in Maces & Flails
 34302 | Swamp:4  | Reached skill level 1 in Necromancy
 34302 | Swamp:4  | Reached skill level 5 in Earth Magic
 34733 | Swamp:4  | HP: 2/109 [poison (dark miasma)]
 34734 | Swamp:4  | Engulfed by a cloud of foul pestilence

Levels and vault maps discovered:
D:1:      giann_horns, layout_basic, minmay_worlds_worst_comb
D:2:      layout_rooms, gammafunk_temple_overflow_arena
D:3:      layout_loops_ring, first_ration
D:4:      layout_basic, overflow_temple_1_default, grunt_gozag_statues
D:5:      layout_cave_pools, xom_confusion_cloud, gup_sewer_entry_bubbles
D:6:      layout_loops_ring, temple_pool_b, minmay_ruined_shrine
D:7:      layout_basic, fedhas_bush_and_centaur_altar, uniq_maggie,
          uniq_menkaure
D:8:      layout_loops_corners, gammafunk_temple_overflow_pools,
          lair_entry_dummy, blue_anna_alchemist [blue_anna_fruit_fields,
          blue_anna_fruit_fields]
D:9:      layout_long_grid, kennysheep_donut, minmay_shop_damaged
D:10:     cheibrodos_orc_bank, layout_long_grid, due_unseen_surprise
D:11:     cheibrodos_shockbox, layout_irregular_city,
          portal_ice_cave_entry_pillars_1
D:12:     layout_gridville, orc_david_3, serial_park_tiny_2,
          minmay_alternating_orb, uniq_nessos, uniq_snorg, uniq_urug
Lair:1:   layout_cave_pods, nicolae_volcano_entry_two_sided, grunt_megastairs_2
Lair:2:   layout_cave_pods
Lair:3:   layout_roguey, ebering_ghost_inner_flame, serial_bayou_lagoon_a,
          grunt_megastairs_3
Lair:4:   layout_gridlike, palyth_hydra_swamp_entry,
          nicolae_spider_entry_orb_guardian, beast_lair_carwin_10,
          grunt_megastairs_1, serial_bayou_shore_a
Lair:5:   layout_gridlike
Lair:6:   grunt_lair_end_beastmaster, layout_concentric_octagons,
          nicolae_slime_entry_slimehenge, serial_bayou_pond_d,
          serial_bayou_pond_b, serial_bayou_shore_b
Swamp:1:  layout_basic_swamp, evilmike_swamp_ruin_house_1
Swamp:2:  layout_basic_swamp, evilmike_swamp_ruin_house_5
Swamp:3:  layout_basic_swamp, hangedman_swamp_ruin_wall
Swamp:4:  swamp_pestilence, layout_basic_swamp, uniq_kirke
Orc:1:    layout_caves, basic_altar, serial_shops, shop_statue,
          elves_outpost_lemuel
Orc:2:    st_orc_mages, layout_diamond_mine, serial_shops, nicolae_shop_stone

Skill      XL: |  1  2  3  4  5  6  7  8  9 10 11 12 13 14 15 |
---------------+----------------------------------------------+-----
Spellcasting   | 3 4 5 6 8 9 10 11 | 11.4
Ice Magic      | 5 5 6 7 |  7.0
Summonings     | 1 2 3 4 6 8 9 10 | 10.0
Conjurations   | 3 5 7 |  7.0
Invocations    | 3 6 8 10 12 | 12.4
Hexes          | 4 5 7 |  7.2
Shields        | 3 4 8 10 11 | 11.6
Evocations     | 1 5 |  5.0
Fighting       | 3 4 |  4.6
Dodging        | 2 5 |  5.0
Maces & Flails | 2 5 |  5.3
Earth Magic    | 1 5 |  5.0
Necromancy     | 1 |  1.7
Stealth        | |  1.7

Action                   |  1- 3 |  4- 6 |  7- 9 | 10-12 | 13-15 || total
-------------------------+-------+-------+-------+-------+-------++-------
Melee: Unarmed           |    12 |       |       |       |       ||    12
       Tailslap          |     7 |    10 |    20 |    57 |    90 ||   184
       Club              |     2 |       |       |       |       ||     2
       Short sword       |    72 |    69 |   129 |       |       ||   270
       Morningstar       |       |       |    38 |   142 |   257 ||   437
       Trident           |       |       |    15 |    65 |       ||    80
       Dagger            |       |       |       |     2 |    93 ||    95
       Headbutt          |       |       |       |       |   125 ||   125
 Fire: Hunting sling     |       |     1 |       |       |       ||     1
Throw: Stone             |     7 |     1 |       |       |       ||     8
       Dart              |       |       |       |     8 |     7 ||    15
 Cast: Freeze            |    34 |    25 |    12 |    10 |    14 ||    95
       Frozen Ramparts   |     9 |    17 |    48 |    61 |    56 ||   191
       Summon Ice Beast  |       |     6 |    34 |   133 |   252 ||   425
       Searing Ray       |       |       |     5 |    11 |    20 ||    36
       Passwall          |       |       |       |     2 |       ||     2
       Fulminant Prism   |       |       |       |    10 |     4 ||    14
       Animate Skeleton  |       |       |       |    10 |   127 ||   137
       Poisonous Vapours |       |       |       |       |    14 ||    14
       Leda's Liquefacti |       |       |       |       |     4 ||     4
Invok: Slouch            |       |       |       |     3 |     3 ||     6
 Abil: Breathe Fire      |       |       |     9 |    20 |    30 ||    59
       Evoke Flight      |       |       |       |     2 |       ||     2
Evoke: Phial of floods   |       |       |       |     2 |     2 ||     4
       Wand              |       |       |       |    10 |     7 ||    17
  Use: Scroll            |       |    10 |     7 |    14 |    11 ||    42
       Potion            |       |       |    11 |     4 |     4 ||    19
 Stab: Sleeping          |     2 |     1 |       |     7 |     7 ||    17
       Distracted        |       |       |     1 |     4 |     9 ||    14
       Invisible         |       |       |       |     1 |       ||     1
       Confused          |       |       |       |       |     1 ||     1
  Eat: Chunk             |     4 |     5 |     7 |     5 |    10 ||    31
       Ration            |       |     2 |     2 |     5 |     5 ||    14
Armor: Skin              |    34 |    32 |    74 |    82 |   116 ||   338
Dodge: Dodged            |    65 |    63 |   139 |   123 |   217 ||   607
Block: Buckler           |       |       |    63 |   100 |    92 ||   255
       Tower shield      |       |       |       |       |   502 ||   502
       Reflection        |       |       |       |       |     1 ||     1

Table legend:
 A = Non-vault XP
 B = Vault XP
 C = Vault XP percentage of total XP
 D = Non-vault monster count
 E = Vault monster count
 F = Vault count percentage of total count
                 A         B        C        D         E       F
            +---------+---------+-------+---------+---------+-------
      Total |   90203 |   39005 |  30.2 |     617 |     198 |  24.3
            +---------+---------+-------+---------+---------+-------
        D:1 |      40 |       6 |  13.0 |      28 |       3 |   9.7
        D:2 |      26 |     141 |  84.4 |      11 |       4 |  26.7
        D:3 |     200 |       0 |   0.0 |      30 |       0 |   0.0
        D:4 |     284 |       0 |   0.0 |      14 |       0 |   0.0
        D:5 |     700 |      68 |   8.9 |      29 |      10 |  25.6
        D:6 |     584 |     147 |  20.1 |      20 |       7 |  25.9
        D:7 |     643 |     577 |  47.3 |      17 |       3 |  15.0
        D:8 |    1130 |      69 |   5.8 |      19 |       1 |   5.0
        D:9 |    1942 |       0 |   0.0 |      32 |       0 |   0.0
       D:10 |    2879 |     791 |  21.6 |      39 |      18 |  31.6
       D:11 |    6524 |     625 |   8.7 |      52 |       1 |   1.9
       D:12 |     389 |     915 |  70.2 |       9 |       4 |  30.8
     Lair:1 |    2473 |     380 |  13.3 |      12 |       2 |  14.3
     Lair:2 |    2841 |       0 |   0.0 |      17 |       0 |   0.0
     Lair:3 |    1905 |     112 |   5.6 |      10 |       1 |   9.1
     Lair:4 |    8299 |    3917 |  32.1 |      24 |      16 |  40.0
     Lair:5 |    5741 |       0 |   0.0 |      31 |       0 |   0.0
     Lair:6 |    4916 |   10416 |  67.9 |      25 |      31 |  55.4
    Swamp:1 |   12131 |       0 |   0.0 |      33 |       0 |   0.0
    Swamp:2 |    8678 |       0 |   0.0 |      33 |       0 |   0.0
    Swamp:3 |   14460 |       0 |   0.0 |      31 |       0 |   0.0
    Swamp:4 |    7149 |    3312 |  31.7 |      25 |      14 |  35.9
      Orc:1 |    4889 |    4266 |  46.6 |      39 |      10 |  20.4
      Orc:2 |    1380 |    3439 |  71.4 |      37 |      41 |  52.6
      IceCv |       0 |    3154 | 100.0 |       0 |      11 | 100.0
    Volcano |       0 |    6670 | 100.0 |       0 |      21 | 100.0
            +---------+---------+-------+---------+---------+-------
